[ PARTIDA AOE2 · #483081278 ]
Team RMBritanos vs Mongols
[ ANÁLISIS DE REPETICIÓN · EXTRAÍDO DE LA PARTIDA GRABADA ]
Feudal
12:53
Castillos
16:48
Imperial
32:05
| APM promedio | 26.2 |
| APM pico | 47 |
| eAPM promedio | 15.7 |
| Aldeanos / militares | 89 / 66 |
Foco
⚔️ 27.5% · 🌾 72.5%
Longbowman ×31 · Knight ×18 · Trebuchet (Packed) ×8 · Archer ×5 · Trade Cart ×5 · Spearman ×2
Feudal
12:57
Castillos
16:31
Imperial
31:25
| APM promedio | 15.5 |
| APM pico | 42 |
| eAPM promedio | 11.9 |
| Aldeanos / militares | 121 / 347 |
Foco
⚔️ 24.2% · 🌾 75.8%
War Elephant ×347 · Trade Cart ×3
Feudal
10:04
Castillos
18:01
Imperial
30:04
| APM promedio | 29.9 |
| APM pico | 100 |
| eAPM promedio | 18.1 |
| Aldeanos / militares | 158 / 144 |
Foco
⚔️ 31.7% · 🌾 68.3%
Battle Elephant ×79 · Ballista Elephant ×58 · Monk ×7
Feudal
12:03
Castillos
15:46
Imperial
37:26
| APM promedio | 27.6 |
| APM pico | 55 |
| eAPM promedio | 17.0 |
| Aldeanos / militares | 124 / 126 |
Foco
⚔️ 32.9% · 🌾 67.1%
Mangudai ×81 · Spearman ×29 · Trade Cart ×10 · Mangonel ×5 · Monk ×4 · Trebuchet (Packed) ×4
Feudal
10:42
Castillos
15:29
Imperial
29:33
| APM promedio | 50.5 |
| APM pico | 108 |
| eAPM promedio | 25.7 |
| Aldeanos / militares | 144 / 172 |
Foco
⚔️ 25.9% · 🌾 74.1%
Janissary ×109 · Scout Cavalry ×42 · Bombard Cannon ×9 · Knight ×4 · Monk ×4 · Camel Scout ×4
Feudal
13:22
Castillos
18:34
Imperial
23:49
| APM promedio | 9.2 |
| APM pico | 32 |
| eAPM promedio | 7.7 |
| Aldeanos / militares | 90 / 84 |
Foco
⚔️ 26.1% · 🌾 73.9%
Spearman ×42 · Hand Cannoneer ×37 · Bombard Cannon ×5
Feudal
11:41
Castillos
16:14
Imperial
43:03
| APM promedio | 30.8 |
| APM pico | 84 |
| eAPM promedio | 20.2 |
| Aldeanos / militares | 108 / 70 |
Foco
⚔️ 17.3% · 🌾 82.7%
Skirmisher ×35 · Hussite Wagon ×26 · Mangonel ×5 · Battering Ram ×4
Feudal
12:43
Castillos
20:30
Imperial
41:59
| APM promedio | 16.4 |
| APM pico | 53 |
| eAPM promedio | 9.5 |
| Aldeanos / militares | 108 / 154 |
Foco
⚔️ 24.6% · 🌾 75.4%
Berserk ×67 · Militia ×55 · Battering Ram ×32
Mapa de la partida
Recursos iniciales + cada clic de construcción. Líneas = muros · curvas = relieve. ◆ oro · ⬟ piedra · ● bayas · ✦ reliquia · ◌ hueco del cierre
Tu base· ✓ Cerrada en 16:48 · 0t muro · 2 puerta(s)
Base de Kadir· ✓ Cerrada en 16:31 · 0t muro · 2 puerta(s)
Base de TireTinTin· ✓ Cerrada en 18:01 · 0t muro · 3 puerta(s)
Base de richbart12· ✓ Cerrada en 15:46 · 0t muro · 2 puerta(s)
Base de cooldaban· ✓ Cerrada en 15:29 · 0t muro · 2 puerta(s)
Base de MatteMaxiBoi· ✓ Cerrada en 18:34 · 1t muro · 2 puerta(s)
Base de ChenEn· ✓ Cerrada en 16:14 · 0t muro · 3 puerta(s)
Base de MERT AVC· ✓ Cerrada en 20:30 · 0t muro · 3 puerta(s)
Terreno inicial suavizado · ◌ = hueco del cierre detectado · pasá el cursor para detalles
Inputs por minuto
— mcdrumer131 - - Kadir
Build order — mcdrumer131
Primeras 150 de 305 acciones detectadas
| 0:07 | Crear | Villager (Male) |
| 0:08 | Crear | Villager (Male) |
| 0:08 | Crear | Villager (Male) |
| 0:08 | Crear | Villager (Male) |
| 0:11 | Construir | House |
| 0:15 | Construir | House |
| 1:41 | Crear | Villager (Male) |
| 1:41 | Crear | Villager (Male) |
| 2:05 | Crear | Villager (Male) |
| 2:05 | Crear | Villager (Male) |
| 2:20 | Crear | Villager (Male) |
| 2:20 | Crear | Villager (Male) |
| 2:44 | Crear | Villager (Male) |
| 2:45 | Crear | Villager (Male) |
| 2:45 | Crear | Villager (Male) |
| 2:50 | Construir | Lumber Camp |
| 3:15 | Crear | Villager (Male) |
| 3:16 | Crear | Villager (Male) |
| 3:46 | Crear | Villager (Male) |
| 3:46 | Crear | Villager (Male) |
| 4:01 | Construir | Mill |
| 4:20 | Crear | Villager (Male) |
| 4:20 | Crear | Villager (Male) |
| 4:50 | Construir | House |
| 4:53 | Investigar | Loom |
| 5:10 | Crear | Villager (Male) |
| 5:10 | Crear | Villager (Male) |
| 5:10 | Crear | Villager (Male) |
| 5:16 | Construir | House |
| 5:34 | Crear | Villager (Male) |
| 5:34 | Crear | Villager (Male) |
| 5:54 | Crear | Villager (Male) |
| 5:54 | Crear | Villager (Male) |
| 6:48 | Crear | Villager (Male) |
| 6:49 | Crear | Villager (Male) |
| 6:49 | Crear | Villager (Male) |
| 7:10 | Crear | Villager (Male) |
| 7:10 | Crear | Villager (Male) |
| 7:36 | Crear | Villager (Male) |
| 8:11 | Crear | Villager (Male) |
| 8:28 | Construir | House |
| 9:37 | Investigar | Feudal Age |
| 9:50 | Construir | Farm |
| 9:51 | Construir | Farm |
| 9:53 | Construir | Farm |
| 9:54 | Construir | Farm |
| 9:57 | Construir | Farm |
| 10:03 | Construir | Mining Camp |
| 10:10 | Construir | Farm |
| 11:06 | Crear | Villager (Male) |
| 11:06 | Crear | Villager (Male) |
| 12:22 | Construir | House |
| 12:31 | Construir | Farm |
| 12:46 | Construir | Farm |
| 12:53 | Edad | Edad Feudal |
| 12:58 | Construir | Blacksmith |
| 13:03 | Construir | Market |
| 13:46 | Construir | House |
| 14:08 | Investigar | Castle Age |
| 14:08 | Investigar | Castle Age |
| 14:16 | Construir | Mining Camp |
| 14:21 | Construir | House |
| 14:25 | Investigar | Double-Bit Axe |
| 14:29 | Investigar | Horse Collar |
| 15:23 | Construir | House |
| 15:31 | Investigar | Fletching |
| 15:31 | Investigar | Fletching |
| 15:41 | Investigar | Stone Mining |
| 15:42 | Investigar | Stone Mining |
| 15:59 | Investigar | Gold Mining |
| 16:00 | Investigar | Gold Mining |
| 16:41 | Construir | House |
| 16:48 | Edad | Edad de los Castillos |
| 17:11 | Crear | Villager (Male) |
| 17:11 | Crear | Villager (Male) |
| 17:11 | Crear | Villager (Male) |
| 17:20 | Construir | Town Center |
| 17:40 | Construir | House |
| 17:56 | Crear | Villager (Male) |
| 18:06 | Construir | Barracks |
| 18:40 | Construir | Siege Workshop |
| 18:51 | Crear | Villager (Male) |
| 18:51 | Crear | Villager (Male) |
| 18:54 | Crear | Villager (Male) |
| 18:55 | Crear | Villager (Male) |
| 19:01 | Investigar | Gold Shaft Mining |
| 19:01 | Investigar | Gold Shaft Mining |
| 19:22 | Investigar | Padded Archer Armor |
| 19:22 | Investigar | Padded Archer Armor |
| 19:38 | Construir | University |
| 19:51 | Crear | Spearman |
| 19:51 | Crear | Spearman |
| 19:55 | Construir | Farm |
| 19:55 | Construir | Farm |
| 19:57 | Crear | Villager (Male) |
| 20:02 | Construir | Farm |
| 20:03 | Construir | Farm |
| 20:06 | Crear | Villager (Male) |
| 20:17 | Construir | Farm |
| 20:18 | Construir | Farm |
| 20:44 | Construir | Castle |
| 21:03 | Construir | House |
| 21:05 | Construir | House |
| 21:06 | Construir | House |
| 21:13 | Investigar | Bodkin Arrow |
| 21:13 | Investigar | Bodkin Arrow |
| 21:18 | Construir | Farm |
| 21:20 | Crear | Villager (Male) |
| 21:25 | Construir | Farm |
| 21:29 | Construir | Farm |
| 21:31 | Crear | Villager (Male) |
| 22:06 | Crear | Villager (Male) |
| 22:10 | Crear | Villager (Male) |
| 22:14 | Construir | Farm |
| 22:17 | Crear | Villager (Male) |
| 22:20 | Construir | Farm |
| 22:24 | Crear | Villager (Male) |
| 22:24 | Crear | Villager (Male) |
| 22:37 | Construir | House |
| 22:44 | Crear | Villager (Male) |
| 22:46 | Crear | Villager (Male) |
| 23:26 | Construir | Archery Range |
| 23:29 | Crear | Battering Ram |
| 23:30 | Crear | Battering Ram |
| 23:45 | Crear | Longbowman |
| 23:45 | Crear | Longbowman |
| 23:58 | Investigar | Crossbowman (upgrade) |
| 23:59 | Crear | Archer |
| 23:59 | Crear | Archer |
| 23:59 | Crear | Archer |
| 24:11 | Construir | House |
| 24:41 | Construir | House |
| 25:18 | Crear | Archer |
| 25:18 | Crear | Archer |
| 26:03 | Construir | House |
| 26:04 | Construir | House |
| 26:05 | Construir | House |
| 26:06 | Crear | Villager (Male) |
| 26:07 | Crear | Villager (Male) |
| 26:12 | Investigar | Wheelbarrow |
| 26:16 | Construir | Farm |
| 26:18 | Construir | Farm |
| 26:22 | Construir | Farm |
| 26:47 | Construir | House |
| 26:58 | Crear | Longbowman |
| 26:58 | Crear | Longbowman |
| 27:28 | Construir | House |
| 27:58 | Investigar | Leather Archer Armor |
| 27:59 | Investigar | Leather Archer Armor |
| 28:14 | Construir | Stone Wall |
Build order — Kadir
Primeras 150 de 382 acciones detectadas
| 0:25 | Construir | House |
| 0:27 | Construir | House |
| 0:34 | Crear | Villager (Male) ×5 |
| 2:12 | Crear | Villager (Male) |
| 2:12 | Crear | Villager (Male) |
| 2:24 | Crear | Villager (Male) |
| 2:24 | Crear | Villager (Male) |
| 2:49 | Construir | Lumber Camp |
| 2:52 | Crear | Villager (Male) |
| 2:52 | Crear | Villager (Male) |
| 3:03 | Construir | House |
| 3:26 | Crear | Villager (Male) |
| 3:27 | Crear | Villager (Male) |
| 3:27 | Crear | Villager (Male) |
| 3:27 | Crear | Villager (Male) |
| 4:07 | Construir | Mill |
| 4:13 | Crear | Villager (Male) |
| 4:14 | Crear | Villager (Male) |
| 4:14 | Crear | Villager (Male) |
| 4:30 | Crear | Villager (Male) |
| 4:30 | Crear | Villager (Male) |
| 4:39 | Construir | House |
| 4:52 | Crear | Villager (Male) |
| 4:52 | Crear | Villager (Male) |
| 5:08 | Crear | Villager (Male) |
| 5:09 | Crear | Villager (Male) |
| 5:09 | Crear | Villager (Male) |
| 5:45 | Crear | Villager (Male) |
| 5:46 | Crear | Villager (Male) |
| 5:46 | Crear | Villager (Male) |
| 6:10 | Construir | House |
| 6:12 | Construir | House |
| 6:19 | Crear | Villager (Male) |
| 6:50 | Investigar | Loom |
| 7:02 | Crear | Villager (Male) |
| 7:02 | Crear | Villager (Male) |
| 7:03 | Crear | Villager (Male) |
| 7:03 | Crear | Villager (Male) |
| 7:03 | Crear | Villager (Male) |
| 7:29 | Crear | Villager (Male) |
| 7:44 | Crear | Villager (Male) |
| 8:21 | Crear | Villager (Male) |
| 9:42 | Crear | Villager (Male) |
| 10:18 | Construir | Mining Camp |
| 10:23 | Investigar | Feudal Age |
| 11:18 | Construir | Mill |
| 11:29 | Crear | Villager (Male) |
| 11:29 | Crear | Villager (Male) |
| 11:29 | Crear | Villager (Male) |
| 11:47 | Construir | Farm |
| 11:49 | Construir | Farm |
| 11:50 | Construir | Farm |
| 11:51 | Construir | Farm |
| 11:52 | Construir | Farm |
| 11:53 | Construir | Farm |
| 12:57 | Edad | Edad Feudal |
| 13:00 | Construir | Market |
| 13:08 | Construir | Blacksmith |
| 13:28 | Construir | Mining Camp |
| 13:59 | Investigar | Castle Age |
| 14:24 | Crear | Villager (Male) |
| 14:24 | Crear | Villager (Male) |
| 14:24 | Crear | Villager (Male) |
| 15:02 | Investigar | Horse Collar |
| 15:31 | Investigar | Double-Bit Axe |
| 15:50 | Crear | Trade Cart ×3 |
| 15:58 | Construir | Farm |
| 16:00 | Construir | Farm |
| 16:01 | Construir | Farm |
| 16:02 | Construir | Farm |
| 16:17 | Investigar | Stone Mining |
| 16:18 | Investigar | Gold Mining |
| 16:31 | Edad | Edad de los Castillos |
| 16:40 | Construir | Town Center |
| 16:55 | Investigar | Wheelbarrow |
| 17:04 | Construir | Farm |
| 17:05 | Construir | Farm |
| 17:13 | Construir | House |
| 17:16 | Construir | House |
| 17:20 | Crear | Villager (Male) |
| 17:21 | Crear | Villager (Male) |
| 17:33 | Construir | Farm |
| 17:44 | Construir | Farm |
| 17:51 | Crear | Villager (Male) |
| 17:58 | Construir | House |
| 18:20 | Crear | Villager (Male) |
| 18:20 | Crear | Villager (Male) |
| 18:29 | Crear | Villager (Male) |
| 18:43 | Crear | Villager (Male) |
| 18:48 | Construir | House |
| 18:49 | Construir | House |
| 19:02 | Crear | Villager (Male) |
| 19:07 | Crear | Villager (Male) |
| 19:17 | Construir | Lumber Camp |
| 19:22 | Investigar | Bow Saw |
| 19:25 | Crear | Villager (Male) |
| 19:27 | Crear | Villager (Male) |
| 19:27 | Crear | Villager (Male) |
| 19:39 | Crear | Villager (Male) |
| 19:48 | Construir | House |
| 19:49 | Construir | House |
| 20:00 | Construir | House |
| 20:01 | Construir | House |
| 20:02 | Crear | Villager (Male) |
| 20:05 | Crear | Villager (Male) |
| 20:22 | Crear | Villager (Male) |
| 20:27 | Crear | Villager (Male) |
| 20:37 | Crear | Villager (Male) |
| 20:39 | Crear | Villager (Male) |
| 20:55 | Crear | Villager (Male) |
| 20:56 | Crear | Villager (Male) |
| 21:11 | Crear | Villager (Male) |
| 21:14 | Crear | Villager (Male) |
| 21:20 | Crear | Villager (Male) |
| 21:24 | Construir | Lumber Camp |
| 21:29 | Construir | Lumber Camp |
| 21:41 | Construir | Lumber Camp |
| 21:45 | Crear | Villager (Male) |
| 21:47 | Construir | House |
| 21:49 | Construir | House |
| 21:49 | Construir | House |
| 21:50 | Construir | House |
| 22:00 | Construir | Mining Camp |
| 22:03 | Crear | Villager (Male) |
| 22:06 | Crear | Villager (Male) |
| 22:18 | Construir | Castle |
| 22:22 | Construir | Mining Camp |
| 22:59 | Construir | Mill |
| 23:01 | Construir | Farm |
| 23:03 | Construir | Farm |
| 23:05 | Construir | Farm |
| 23:06 | Construir | Farm |
| 23:09 | Construir | Farm |
| 23:11 | Crear | Villager (Male) |
| 23:11 | Crear | Villager (Male) |
| 23:13 | Crear | Villager (Male) |
| 23:13 | Crear | Villager (Male) |
| 23:22 | Construir | Farm |
| 23:24 | Construir | Farm |
| 23:26 | Construir | Farm |
| 23:34 | Construir | Farm |
| 23:37 | Crear | Villager (Male) |
| 23:40 | Crear | Villager (Male) |
| 23:44 | Crear | Villager (Male) |
| 23:46 | Crear | Villager (Male) |
| 24:12 | Crear | Villager (Male) |
| 24:13 | Crear | Villager (Male) |
| 24:22 | Construir | Mining Camp |
| 24:27 | Crear | Villager (Male) |
| 24:29 | Crear | Villager (Male) |
Build order — TireTinTin
Primeras 150 de 490 acciones detectadas
| 0:01 | Crear | Villager (Male) |
| 0:01 | Crear | Villager (Male) |
| 0:02 | Crear | Villager (Male) |
| 0:07 | Construir | House |
| 0:18 | Construir | House |
| 1:01 | Crear | Villager (Male) |
| 1:34 | Crear | Villager (Male) |
| 1:35 | Crear | Villager (Male) |
| 1:59 | Crear | Villager (Male) |
| 2:00 | Crear | Villager (Male) |
| 2:13 | Construir | Lumber Camp |
| 2:22 | Crear | Villager (Male) |
| 2:22 | Crear | Villager (Male) |
| 2:55 | Crear | Villager (Male) |
| 3:08 | Crear | Villager (Male) |
| 3:44 | Crear | Villager (Male) |
| 3:56 | Crear | Villager (Male) |
| 4:01 | Construir | House |
| 4:04 | Construir | House |
| 4:07 | Construir | House |
| 4:47 | Crear | Villager (Male) |
| 4:47 | Crear | Villager (Male) |
| 4:58 | Crear | Villager (Male) |
| 5:50 | Crear | Villager (Male) |
| 6:15 | Crear | Villager (Male) |
| 6:18 | Construir | House |
| 6:20 | Construir | House |
| 6:35 | Construir | Mill |
| 6:55 | Crear | Villager (Male) |
| 7:09 | Crear | Villager (Male) |
| 7:54 | Investigar | Feudal Age |
| 7:54 | Investigar | Feudal Age |
| 9:44 | Crear | Villager (Male) |
| 9:44 | Crear | Villager (Male) |
| 10:04 | Edad | Edad Feudal |
| 10:07 | Investigar | Double-Bit Axe |
| 10:10 | Investigar | Horse Collar |
| 10:33 | Crear | Villager (Male) |
| 10:39 | Construir | Mining Camp |
| 10:42 | Crear | Villager (Male) |
| 11:11 | Construir | House |
| 11:12 | Construir | House |
| 11:13 | Construir | House |
| 11:17 | Construir | Blacksmith |
| 11:22 | Construir | Market |
| 11:29 | Crear | Villager (Male) |
| 11:30 | Crear | Villager (Male) |
| 11:47 | Construir | Lumber Camp |
| 12:14 | Construir | Farm |
| 12:16 | Construir | Farm |
| 12:17 | Construir | Farm |
| 12:22 | Construir | Farm |
| 12:23 | Construir | Farm |
| 12:33 | Crear | Villager (Male) |
| 12:33 | Crear | Villager (Male) |
| 13:21 | Crear | Villager (Male) |
| 13:21 | Crear | Villager (Male) |
| 13:31 | Construir | Farm |
| 13:32 | Construir | Farm |
| 13:53 | Construir | Farm |
| 14:00 | Crear | Villager (Male) |
| 14:18 | Construir | Farm |
| 14:26 | Construir | House |
| 14:27 | Construir | House |
| 14:33 | Construir | House |
| 14:38 | Crear | Villager (Male) |
| 14:43 | Construir | Farm |
| 15:04 | Construir | Farm |
| 15:06 | Construir | Farm |
| 15:11 | Construir | Farm |
| 15:21 | Investigar | Castle Age |
| 15:21 | Investigar | Castle Age |
| 15:42 | Construir | Gate |
| 16:06 | Construir | House |
| 16:51 | Construir | Stable |
| 17:00 | Crear | Villager (Male) |
| 17:00 | Crear | Villager (Male) |
| 17:47 | Construir | Farm |
| 17:47 | Construir | Farm |
| 17:48 | Construir | Farm |
| 17:48 | Construir | Farm |
| 17:48 | Construir | Farm |
| 17:48 | Construir | Farm |
| 18:01 | Edad | Edad de los Castillos |
| 18:02 | Investigar | Heavy Plow |
| 18:02 | Investigar | Heavy Plow |
| 18:05 | Investigar | Bow Saw |
| 18:10 | Construir | Town Center |
| 18:31 | Construir | Town Center |
| 18:42 | Crear | Villager (Male) |
| 18:42 | Crear | Villager (Male) |
| 19:02 | Construir | Monastery |
| 19:33 | Crear | Villager (Male) |
| 19:33 | Crear | Villager (Male) |
| 19:47 | Investigar | Stone Mining |
| 19:53 | Crear | Monk |
| 20:00 | Crear | Villager (Male) |
| 20:00 | Crear | Villager (Male) |
| 20:10 | Construir | House |
| 20:11 | Construir | House |
| 20:13 | Construir | House |
| 20:14 | Construir | House |
| 20:15 | Construir | House |
| 20:17 | Construir | House |
| 20:18 | Construir | House |
| 20:19 | Construir | House |
| 20:22 | Construir | Lumber Camp |
| 20:26 | Crear | Villager (Male) |
| 20:27 | Crear | Villager (Male) |
| 20:34 | Crear | Villager (Male) |
| 20:35 | Crear | Villager (Male) |
| 20:35 | Crear | Villager (Male) |
| 20:37 | Crear | Villager (Male) |
| 20:55 | Crear | Villager (Male) |
| 21:20 | Crear | Villager (Male) |
| 21:24 | Investigar | Stone Shaft Mining |
| 21:29 | Crear | Villager (Male) |
| 22:05 | Construir | Farm |
| 22:06 | Construir | Farm |
| 22:06 | Construir | Farm |
| 22:06 | Construir | Farm |
| 22:06 | Construir | Farm |
| 22:08 | Construir | Farm |
| 22:09 | Construir | Farm |
| 22:21 | Crear | Villager (Male) |
| 22:22 | Crear | Villager (Male) |
| 22:27 | Crear | Villager (Male) |
| 22:27 | Crear | Villager (Male) |
| 22:27 | Crear | Villager (Male) |
| 22:37 | Investigar | Forging |
| 22:38 | Investigar | Scale Barding Armor |
| 22:44 | Investigar | Gold Mining |
| 22:49 | Crear | Villager (Male) |
| 23:11 | Crear | Villager (Male) |
| 23:11 | Crear | Villager (Male) |
| 23:16 | Crear | Villager (Male) |
| 23:51 | Construir | Stable |
| 23:55 | Crear | Villager (Male) |
| 23:55 | Crear | Villager (Male) |
| 23:55 | Crear | Villager (Male) |
| 24:06 | Construir | Farm |
| 24:07 | Construir | Farm |
| 24:10 | Construir | Farm |
| 24:14 | Crear | Villager (Male) |
| 24:14 | Crear | Villager (Male) |
| 24:21 | Crear | Villager (Male) |
| 24:21 | Crear | Villager (Male) |
| 24:21 | Crear | Villager (Male) |
| 24:24 | Investigar | Wheelbarrow |
| 24:34 | Crear | Villager (Male) |
Build order — richbart12
Primeras 150 de 409 acciones detectadas
| 0:00 | Crear | Villager (Male) |
| 0:01 | Crear | Villager (Male) |
| 0:01 | Crear | Villager (Male) |
| 0:02 | Construir | House |
| 0:04 | Construir | House |
| 0:22 | Crear | Villager (Male) |
| 0:22 | Crear | Villager (Male) |
| 1:36 | Crear | Villager (Male) |
| 1:45 | Construir | Lumber Camp |
| 1:55 | Crear | Villager (Male) |
| 2:21 | Crear | Villager (Male) |
| 2:59 | Crear | Villager (Male) |
| 3:00 | Crear | Villager (Male) |
| 3:00 | Crear | Villager (Male) |
| 3:54 | Construir | House |
| 3:55 | Construir | House |
| 3:57 | Crear | Villager (Male) |
| 3:57 | Crear | Villager (Male) |
| 3:59 | Crear | Villager (Male) |
| 4:30 | Construir | Mill |
| 4:38 | Crear | Villager (Male) |
| 4:38 | Crear | Villager (Male) |
| 4:51 | Crear | Villager (Male) |
| 5:27 | Crear | Villager (Male) |
| 5:27 | Crear | Villager (Male) |
| 5:28 | Crear | Villager (Male) |
| 5:28 | Crear | Villager (Male) |
| 6:22 | Crear | Villager (Male) |
| 6:22 | Crear | Villager (Male) |
| 6:23 | Crear | Villager (Male) |
| 6:23 | Crear | Villager (Male) |
| 6:23 | Crear | Villager (Male) |
| 7:26 | Crear | Villager (Male) |
| 7:50 | Construir | Mining Camp |
| 7:52 | Crear | Villager (Male) |
| 8:12 | Construir | House |
| 8:42 | Construir | Mining Camp |
| 9:23 | Crear | Villager (Male) |
| 9:35 | Construir | Farm |
| 9:37 | Construir | Farm |
| 9:40 | Construir | Farm |
| 9:42 | Construir | Farm |
| 9:52 | Construir | Farm |
| 9:53 | Investigar | Feudal Age |
| 10:35 | Construir | House |
| 10:36 | Construir | House |
| 10:40 | Construir | Barracks |
| 11:40 | Crear | Villager (Male) |
| 11:40 | Crear | Villager (Male) |
| 12:03 | Edad | Edad Feudal |
| 12:10 | Construir | Blacksmith |
| 12:13 | Construir | Market |
| 12:22 | Investigar | Double-Bit Axe |
| 13:06 | Investigar | Castle Age |
| 13:43 | Investigar | Horse Collar |
| 13:53 | Investigar | Stone Mining |
| 14:05 | Construir | Farm |
| 14:13 | Construir | Farm |
| 14:31 | Construir | Farm |
| 14:34 | Construir | Farm |
| 14:40 | Crear | Villager (Male) |
| 14:41 | Crear | Villager (Male) |
| 15:03 | Investigar | Gold Mining |
| 15:46 | Edad | Edad de los Castillos |
| 15:48 | Crear | Villager (Male) |
| 16:05 | Construir | Town Center |
| 16:18 | Construir | Castle |
| 16:32 | Crear | Villager (Male) |
| 16:43 | Crear | Villager (Male) |
| 17:14 | Crear | Villager (Male) |
| 17:33 | Crear | Villager (Male) |
| 17:46 | Crear | Villager (Male) |
| 17:56 | Investigar | Fletching |
| 17:59 | Crear | Villager (Male) |
| 18:01 | Crear | Villager (Male) |
| 18:04 | Crear | Villager (Male) |
| 18:37 | Investigar | Bow Saw |
| 18:43 | Crear | Villager (Male) |
| 18:46 | Construir | Farm |
| 18:49 | Construir | Farm |
| 18:53 | Crear | Villager (Male) |
| 19:12 | Construir | Farm |
| 19:15 | Construir | Farm |
| 19:30 | Crear | Villager (Male) |
| 19:31 | Crear | Villager (Male) |
| 19:36 | Construir | Farm |
| 19:37 | Construir | Farm |
| 19:45 | Crear | Villager (Male) |
| 19:51 | Construir | Farm |
| 19:53 | Crear | Villager (Male) |
| 19:57 | Construir | Farm |
| 20:23 | Construir | Farm |
| 20:33 | Construir | Siege Workshop |
| 20:40 | Construir | Farm |
| 20:42 | Crear | Villager (Male) |
| 20:42 | Crear | Villager (Male) |
| 20:49 | Crear | Villager (Male) |
| 20:52 | Crear | Villager (Male) |
| 21:02 | Crear | Mangudai |
| 21:04 | Crear | Mangudai |
| 21:15 | Construir | Farm |
| 21:18 | Construir | Farm |
| 21:37 | Construir | Town Center |
| 21:46 | Crear | Villager (Male) |
| 21:49 | Construir | Farm |
| 21:52 | Crear | Villager (Male) |
| 22:20 | Crear | Villager (Male) |
| 22:21 | Crear | Villager (Male) |
| 22:25 | Crear | Battering Ram |
| 22:29 | Crear | Mangudai |
| 22:35 | Crear | Villager (Male) |
| 22:43 | Crear | Villager (Male) |
| 22:45 | Crear | Villager (Male) |
| 22:48 | Construir | Farm |
| 22:51 | Investigar | Wheelbarrow |
| 22:56 | Crear | Villager (Male) |
| 23:00 | Crear | Villager (Male) |
| 23:04 | Construir | Farm |
| 24:00 | Crear | Mangudai |
| 24:01 | Crear | Mangudai |
| 24:03 | Crear | Battering Ram |
| 24:09 | Construir | Farm |
| 24:10 | Construir | Farm |
| 24:13 | Construir | Farm |
| 24:15 | Construir | Farm |
| 24:16 | Crear | Villager (Male) |
| 24:17 | Crear | Villager (Male) |
| 24:18 | Crear | Villager (Male) |
| 24:21 | Construir | Farm |
| 24:22 | Crear | Villager (Male) |
| 24:27 | Crear | Villager (Male) |
| 24:28 | Crear | Villager (Male) |
| 24:30 | Crear | Mangudai |
| 24:46 | Crear | Mangudai |
| 24:48 | Crear | Battering Ram |
| 24:50 | Crear | Mangudai |
| 25:05 | Construir | Castle |
| 25:09 | Construir | Farm |
| 25:11 | Construir | House |
| 25:12 | Construir | House |
| 25:13 | Construir | House |
| 25:15 | Construir | House |
| 25:16 | Construir | House |
| 25:22 | Construir | House |
| 25:23 | Construir | House |
| 25:25 | Construir | House |
| 25:27 | Construir | House |
| 25:28 | Construir | House |
| 25:29 | Construir | House |
| 25:38 | Crear | Villager (Male) |
Build order — cooldaban
Primeras 150 de 428 acciones detectadas
| 0:03 | Construir | House |
| 0:04 | Construir | House |
| 0:05 | Crear | Villager (Male) |
| 0:05 | Crear | Villager (Male) |
| 0:05 | Crear | Villager (Male) |
| 0:05 | Crear | Villager (Male) |
| 0:11 | Construir | House |
| 1:52 | Crear | Villager (Male) |
| 1:52 | Crear | Villager (Male) |
| 1:55 | Crear | Villager (Male) |
| 1:55 | Crear | Villager (Male) |
| 2:24 | Construir | Lumber Camp |
| 2:25 | Crear | Villager (Male) |
| 2:25 | Crear | Villager (Male) |
| 2:56 | Crear | Villager (Male) |
| 2:56 | Crear | Villager (Male) |
| 2:56 | Crear | Villager (Male) |
| 3:37 | Crear | Villager (Male) |
| 3:38 | Crear | Villager (Male) |
| 4:08 | Crear | Villager (Male) |
| 4:08 | Crear | Villager (Male) |
| 4:34 | Crear | Villager (Male) |
| 4:34 | Crear | Villager (Male) |
| 4:58 | Crear | Villager (Male) |
| 4:59 | Crear | Villager (Male) |
| 5:39 | Construir | Mill |
| 5:57 | Crear | Villager (Male) |
| 6:07 | Construir | House |
| 6:16 | Crear | Villager (Male) |
| 6:23 | Crear | Villager (Male) |
| 6:39 | Construir | House |
| 7:13 | Crear | Villager (Male) |
| 7:39 | Crear | Villager (Male) |
| 7:40 | Crear | Villager (Male) |
| 7:40 | Crear | Villager (Male) |
| 7:40 | Crear | Villager (Male) |
| 7:40 | Crear | Villager (Male) |
| 8:12 | Construir | Mining Camp |
| 8:25 | Investigar | Feudal Age |
| 9:39 | Construir | Farm |
| 9:56 | Construir | Barracks |
| 10:24 | Crear | Villager (Male) |
| 10:25 | Crear | Villager (Male) |
| 10:42 | Edad | Edad Feudal |
| 10:49 | Construir | Blacksmith |
| 10:59 | Construir | Stable |
| 11:12 | Construir | Farm |
| 11:46 | Investigar | Loom |
| 11:54 | Construir | Farm |
| 11:55 | Construir | Farm |
| 12:02 | Construir | Farm |
| 12:49 | Investigar | Castle Age |
| 12:49 | Investigar | Castle Age |
| 13:26 | Investigar | Double-Bit Axe |
| 13:46 | Construir | House |
| 13:47 | Construir | House |
| 15:12 | Crear | Villager (Male) |
| 15:13 | Crear | Villager (Male) |
| 15:14 | Crear | Villager (Male) |
| 15:29 | Edad | Edad de los Castillos |
| 15:32 | Construir | Town Center |
| 15:40 | Construir | Town Center |
| 15:48 | Crear | Villager (Male) |
| 15:49 | Crear | Villager (Male) |
| 16:10 | Construir | House |
| 16:15 | Crear | Knight |
| 16:19 | Crear | Villager (Male) |
| 16:34 | Crear | Knight |
| 16:47 | Construir | Farm |
| 16:49 | Construir | Farm |
| 17:17 | Construir | Monastery |
| 17:18 | Crear | Villager (Male) |
| 17:25 | Crear | Villager (Male) |
| 17:25 | Crear | Villager (Male) |
| 17:26 | Crear | Villager (Male) |
| 17:26 | Crear | Villager (Male) |
| 17:29 | Crear | Villager (Male) |
| 17:29 | Crear | Villager (Male) |
| 17:55 | Construir | Outpost |
| 17:59 | Construir | Farm |
| 18:01 | Construir | Farm |
| 18:03 | Crear | Monk |
| 18:12 | Crear | Villager (Male) |
| 18:16 | Crear | Villager (Male) |
| 18:16 | Crear | Villager (Male) |
| 18:20 | Construir | Farm |
| 18:28 | Construir | Farm |
| 18:32 | Crear | Villager (Male) |
| 18:44 | Construir | Outpost |
| 18:58 | Crear | Villager (Male) |
| 19:00 | Construir | Farm |
| 19:02 | Construir | Farm |
| 19:06 | Crear | Villager (Male) |
| 19:06 | Crear | Villager (Male) |
| 19:13 | Construir | Farm |
| 19:41 | Construir | Farm |
| 19:43 | Construir | Farm |
| 19:45 | Construir | Farm |
| 19:50 | Crear | Villager (Male) |
| 19:50 | Crear | Villager (Male) |
| 19:51 | Crear | Villager (Male) |
| 19:51 | Crear | Villager (Male) |
| 19:54 | Construir | Farm |
| 19:55 | Crear | Villager (Male) |
| 20:08 | Crear | Villager (Male) |
| 20:08 | Crear | Villager (Male) |
| 20:34 | Crear | Villager (Male) |
| 20:34 | Crear | Villager (Male) |
| 20:39 | Construir | Farm |
| 20:40 | Crear | Villager (Male) |
| 20:40 | Crear | Villager (Male) |
| 20:42 | Construir | Lumber Camp |
| 20:47 | Construir | Mining Camp |
| 20:48 | Crear | Villager (Male) |
| 20:48 | Crear | Villager (Male) |
| 21:03 | Crear | Villager (Male) |
| 21:03 | Crear | Villager (Male) |
| 21:33 | Construir | House |
| 21:34 | Construir | House |
| 21:39 | Investigar | Wheelbarrow |
| 21:48 | Construir | Town Center |
| 22:00 | Construir | Farm |
| 22:02 | Crear | Villager (Male) |
| 22:02 | Crear | Villager (Male) |
| 22:03 | Crear | Villager (Male) |
| 22:08 | Construir | House |
| 22:09 | Construir | House |
| 22:12 | Crear | Villager (Male) |
| 22:12 | Crear | Villager (Male) |
| 22:34 | Crear | Villager (Male) |
| 22:34 | Crear | Villager (Male) |
| 22:38 | Crear | Villager (Male) |
| 22:38 | Crear | Villager (Male) |
| 22:41 | Construir | Farm |
| 22:44 | Crear | Villager (Male) |
| 22:44 | Crear | Villager (Male) |
| 23:07 | Crear | Villager (Male) |
| 23:07 | Crear | Villager (Male) |
| 23:13 | Construir | Farm |
| 23:14 | Crear | Villager (Male) |
| 23:14 | Crear | Villager (Male) |
| 23:20 | Crear | Villager (Male) |
| 23:20 | Crear | Villager (Male) |
| 23:20 | Crear | Villager (Male) |
| 23:32 | Construir | Market |
| 24:02 | Construir | Mill |
| 24:04 | Construir | Farm |
| 24:33 | Construir | Farm |
| 24:34 | Construir | Farm |
| 24:36 | Crear | Villager (Male) |
Build order — MatteMaxiBoi
Primeras 150 de 248 acciones detectadas
| 0:03 | Crear | Villager (Male) ×4 |
| 0:08 | Construir | House |
| 0:12 | Construir | House |
| 1:44 | Crear | Villager (Male) |
| 1:44 | Crear | Villager (Male) |
| 2:01 | Crear | Villager (Male) |
| 2:01 | Crear | Villager (Male) |
| 2:42 | Crear | Villager (Male) ×2 |
| 2:50 | Construir | Lumber Camp |
| 3:02 | Crear | Villager (Male) |
| 3:54 | Construir | House |
| 3:59 | Construir | House |
| 4:06 | Crear | Villager (Male) ×2 |
| 4:36 | Crear | Villager (Male) ×2 |
| 4:49 | Construir | House |
| 4:51 | Construir | House |
| 4:54 | Construir | House |
| 4:55 | Construir | House |
| 4:56 | Construir | House |
| 4:58 | Construir | House |
| 5:07 | Crear | Villager (Male) |
| 5:42 | Crear | Villager (Male) ×2 |
| 5:42 | Crear | Villager (Male) ×2 |
| 6:07 | Crear | Villager (Male) ×2 |
| 6:26 | Construir | Barracks |
| 6:35 | Crear | Villager (Male) |
| 6:35 | Crear | Villager (Male) |
| 7:09 | Construir | Mining Camp |
| 7:45 | Crear | Villager (Male) ×4 |
| 8:16 | Construir | Mill |
| 8:29 | Crear | Villager (Male) |
| 8:29 | Crear | Villager (Male) |
| 8:54 | Crear | Villager (Male) |
| 10:26 | Construir | Farm |
| 10:41 | Investigar | Feudal Age |
| 10:48 | Construir | Farm |
| 10:52 | Construir | Farm |
| 10:58 | Construir | Farm |
| 11:02 | Construir | Farm |
| 11:11 | Construir | Farm |
| 11:19 | Construir | Farm |
| 11:27 | Construir | Farm |
| 11:30 | Construir | Farm |
| 11:52 | Crear | Villager (Male) ×5 |
| 12:02 | Construir | Farm |
| 12:26 | Construir | Farm |
| 12:35 | Construir | Farm |
| 13:22 | Edad | Edad Feudal |
| 13:29 | Investigar | Double-Bit Axe |
| 13:32 | Investigar | Horse Collar |
| 13:44 | Construir | Blacksmith |
| 14:29 | Construir | Market |
| 14:47 | Construir | Farm |
| 15:10 | Crear | Villager (Male) |
| 15:18 | Construir | Farm |
| 15:41 | Construir | House |
| 15:43 | Construir | House |
| 15:54 | Investigar | Castle Age |
| 15:59 | Construir | Farm |
| 16:09 | Crear | Villager (Male) ×5 |
| 16:23 | Construir | Palisade Wall |
| 16:41 | Construir | Archery Range |
| 17:25 | Construir | Archery Range |
| 17:39 | Construir | Farm |
| 18:34 | Edad | Edad de los Castillos |
| 18:37 | Construir | Siege Workshop |
| 18:54 | Construir | University |
| 19:04 | Construir | Farm |
| 19:20 | Investigar | Bow Saw |
| 19:20 | Investigar | Bow Saw |
| 19:50 | Investigar | Heavy Plow |
| 19:50 | Investigar | Heavy Plow |
| 20:24 | Construir | Farm |
| 20:35 | Investigar | Imperial Age |
| 20:36 | Investigar | Imperial Age |
| 21:05 | Construir | Town Center |
| 21:11 | Construir | House |
| 21:12 | Construir | House |
| 21:25 | Investigar | Chemistry |
| 21:30 | Crear | Villager (Male) |
| 22:04 | Construir | Town Center |
| 22:15 | Construir | House |
| 22:25 | Construir | Farm |
| 22:36 | Construir | Farm |
| 22:56 | Construir | Farm |
| 23:00 | Construir | House |
| 23:07 | Crear | Villager (Male) |
| 23:14 | Crear | Villager (Male) |
| 23:25 | Construir | Farm |
| 23:32 | Construir | Farm |
| 23:36 | Crear | Hand Cannoneer |
| 23:36 | Crear | Hand Cannoneer |
| 23:43 | Crear | Villager (Male) |
| 23:49 | Edad | Edad Imperial |
| 23:49 | Construir | House |
| 23:49 | Construir | House |
| 24:02 | Crear | Villager (Male) |
| 24:02 | Crear | Villager (Male) |
| 24:09 | Investigar | Padded Archer Armor |
| 24:13 | Crear | Hand Cannoneer |
| 24:13 | Crear | Hand Cannoneer |
| 24:15 | Crear | Villager (Male) |
| 24:16 | Crear | Villager (Male) |
| 24:18 | Crear | Villager (Male) |
| 24:28 | Crear | Villager (Male) |
| 24:29 | Crear | Villager (Male) |
| 24:55 | Crear | Villager (Male) |
| 25:00 | Construir | Farm |
| 25:07 | Construir | Mining Camp |
| 25:13 | Construir | Archery Range |
| 25:13 | Construir | Archery Range |
| 25:21 | Crear | Villager (Male) |
| 25:21 | Crear | Villager (Male) |
| 25:23 | Crear | Villager (Male) |
| 25:25 | Crear | Bombard Cannon |
| 25:27 | Crear | Hand Cannoneer |
| 25:27 | Crear | Hand Cannoneer |
| 25:48 | Construir | Farm |
| 25:50 | Investigar | Wheelbarrow |
| 25:51 | Crear | Villager (Male) |
| 25:52 | Crear | Villager (Male) |
| 25:53 | Crear | Villager (Male) |
| 26:11 | Crear | Spearman |
| 26:11 | Crear | Spearman |
| 26:26 | Investigar | Squires |
| 26:32 | Construir | Farm |
| 26:32 | Construir | Farm |
| 26:35 | Crear | Villager (Male) |
| 26:35 | Crear | Villager (Male) |
| 26:51 | Crear | Villager (Male) |
| 26:51 | Crear | Villager (Male) |
| 26:56 | Construir | Farm |
| 27:06 | Construir | Barracks |
| 27:07 | Construir | Barracks |
| 27:09 | Construir | Barracks |
| 27:21 | Investigar | Pikeman (upgrade) |
| 27:46 | Crear | Bombard Cannon |
| 27:47 | Crear | Villager (Male) |
| 27:47 | Crear | Villager (Male) |
| 27:48 | Crear | Villager (Male) |
| 27:48 | Crear | Villager (Male) |
| 27:52 | Construir | Farm |
| 27:56 | Crear | Villager (Male) |
| 27:59 | Crear | Hand Cannoneer |
| 27:59 | Crear | Hand Cannoneer |
| 28:13 | Investigar | Leather Archer Armor |
| 28:13 | Investigar | Leather Archer Armor |
| 28:21 | Construir | Farm |
| 28:37 | Crear | Spearman |
| 28:37 | Crear | Spearman |
Build order — ChenEn
Primeras 150 de 175 acciones detectadas
| 0:09 | Construir | House |
| 0:11 | Construir | House |
| 0:12 | Construir | House |
| 0:14 | Construir | House |
| 0:21 | Crear | Villager (Male) ×4 |
| 0:21 | Crear | Villager (Male) ×4 |
| 0:22 | Investigar | Loom |
| 2:01 | Crear | Villager (Male) |
| 2:26 | Crear | Villager (Male) |
| 2:26 | Crear | Villager (Male) |
| 3:10 | Crear | Villager (Male) |
| 3:10 | Crear | Villager (Male) |
| 3:30 | Crear | Villager (Male) |
| 3:31 | Crear | Villager (Male) |
| 3:31 | Crear | Villager (Male) |
| 3:40 | Crear | Villager (Male) |
| 3:40 | Crear | Villager (Male) |
| 3:51 | Construir | Mill |
| 4:15 | Crear | Villager (Male) |
| 4:15 | Crear | Villager (Male) |
| 4:46 | Crear | Villager (Male) |
| 4:46 | Crear | Villager (Male) |
| 5:09 | Crear | Villager (Male) |
| 5:09 | Crear | Villager (Male) |
| 5:42 | Crear | Villager (Male) |
| 5:42 | Crear | Villager (Male) |
| 5:53 | Crear | Villager (Male) |
| 5:54 | Crear | Villager (Male) ×2 |
| 5:54 | Crear | Villager (Male) |
| 6:05 | Crear | Villager (Male) |
| 6:05 | Crear | Villager (Male) |
| 6:17 | Construir | Mill |
| 6:44 | Crear | Villager (Male) |
| 6:44 | Crear | Villager (Male) |
| 7:21 | Construir | Lumber Camp |
| 7:27 | Crear | Villager (Male) ×2 |
| 7:28 | Crear | Villager (Male) ×2 |
| 7:29 | Crear | Villager (Male) |
| 7:29 | Crear | Villager (Male) |
| 7:30 | Crear | Villager (Male) |
| 9:21 | Construir | Mining Camp |
| 9:26 | Investigar | Feudal Age |
| 10:03 | Construir | Farm |
| 10:18 | Construir | Farm |
| 10:35 | Construir | House |
| 10:43 | Crear | Villager (Male) |
| 10:43 | Crear | Villager (Male) |
| 11:41 | Edad | Edad Feudal |
| 11:52 | Construir | Market |
| 12:01 | Construir | Blacksmith |
| 13:34 | Investigar | Castle Age |
| 13:51 | Construir | Mining Camp |
| 14:09 | Investigar | Double-Bit Axe |
| 14:15 | Construir | Farm |
| 14:16 | Construir | Farm |
| 14:18 | Construir | Farm |
| 14:20 | Construir | Farm |
| 14:22 | Construir | Farm |
| 14:46 | Construir | House |
| 14:49 | Construir | House |
| 15:54 | Investigar | Horse Collar |
| 16:14 | Edad | Edad de los Castillos |
| 16:27 | Construir | Monastery |
| 16:38 | Construir | Castle |
| 17:27 | Construir | Siege Workshop |
| 17:33 | Crear | Villager (Male) ×5 |
| 17:34 | Crear | Villager (Male) ×5 |
| 17:34 | Crear | Villager (Male) ×3 |
| 17:58 | Investigar | Fervor |
| 18:24 | Construir | Stone Wall |
| 18:31 | Crear | Villager (Male) ×3 |
| 18:32 | Crear | Villager (Male) ×3 |
| 19:08 | Construir | Gate |
| 19:23 | Crear | Villager (Male) ×2 |
| 19:38 | Crear | Villager (Male) |
| 19:55 | Construir | Lumber Camp |
| 20:18 | Construir | Castle |
| 20:47 | Construir | Town Center |
| 21:05 | Crear | Battering Ram |
| 21:05 | Crear | Battering Ram |
| 22:12 | Construir | Barracks |
| 22:35 | Crear | Mangonel |
| 22:35 | Crear | Mangonel |
| 22:45 | Crear | Villager (Male) ×5 |
| 22:45 | Crear | Villager (Male) ×5 |
| 22:46 | Crear | Villager (Male) ×5 |
| 23:00 | Construir | House |
| 24:01 | Construir | Archery Range |
| 24:03 | Construir | Archery Range |
| 24:30 | Crear | Villager (Male) ×5 |
| 24:30 | Crear | Villager (Male) ×5 |
| 24:31 | Crear | Villager (Male) |
| 24:31 | Crear | Villager (Male) |
| 24:45 | Construir | Watch Tower |
| 24:49 | Crear | Mangonel |
| 25:15 | Crear | Mangonel |
| 26:12 | Crear | Mangonel |
| 27:32 | Construir | Farm |
| 27:43 | Investigar | Fletching |
| 27:44 | Investigar | Padded Archer Armor |
| 27:55 | Construir | Mining Camp |
| 28:07 | Crear | Hussite Wagon |
| 28:07 | Crear | Hussite Wagon |
| 28:08 | Crear | Hussite Wagon |
| 28:21 | Construir | Mining Camp |
| 29:00 | Crear | Hussite Wagon |
| 29:01 | Crear | Hussite Wagon |
| 29:01 | Crear | Hussite Wagon |
| 30:22 | Crear | Hussite Wagon |
| 30:22 | Crear | Hussite Wagon |
| 30:46 | Investigar | Bow Saw |
| 31:07 | Crear | Skirmisher ×5 |
| 31:07 | Crear | Skirmisher ×5 |
| 31:08 | Crear | Skirmisher ×5 |
| 31:08 | Crear | Skirmisher ×5 |
| 31:08 | Crear | Skirmisher ×5 |
| 31:08 | Crear | Skirmisher ×5 |
| 31:09 | Crear | Skirmisher ×5 |
| 31:19 | Crear | Battering Ram |
| 31:19 | Crear | Battering Ram |
| 31:58 | Construir | Siege Workshop |
| 32:28 | Construir | House |
| 32:29 | Construir | House |
| 32:30 | Construir | House |
| 32:32 | Construir | House |
| 32:58 | Construir | Castle |
| 33:20 | Construir | University |
| 33:27 | Investigar | Elite Skirmisher (upgrade) |
| 33:43 | Investigar | Wagenburg Tactics |
| 33:47 | Crear | Hussite Wagon ×2 |
| 33:48 | Crear | Hussite Wagon ×2 |
| 34:53 | Construir | House |
| 34:54 | Construir | House |
| 34:55 | Construir | House |
| 34:56 | Construir | House |
| 35:06 | Investigar | Chemistry |
| 36:16 | Construir | Town Center |
| 36:35 | Crear | Hussite Wagon ×5 |
| 36:35 | Crear | Hussite Wagon ×5 |
| 39:53 | Investigar | Imperial Age |
| 39:58 | Investigar | Wheelbarrow |
| 40:01 | Crear | Villager (Male) |
| 40:01 | Crear | Villager (Male) |
| 40:15 | Construir | Farm |
| 40:17 | Construir | Farm |
| 40:18 | Construir | Farm |
| 40:19 | Construir | Farm |
| 40:22 | Construir | Farm |
| 40:28 | Crear | Villager (Male) |
| 40:29 | Crear | Villager (Male) |
Build order — MERT AVC
Primeras 150 de 246 acciones detectadas
| 0:03 | Crear | Villager (Male) ×4 |
| 0:06 | Construir | House |
| 0:09 | Construir | House |
| 1:57 | Crear | Villager (Male) |
| 1:57 | Crear | Villager (Male) |
| 1:58 | Crear | Villager (Male) |
| 1:58 | Crear | Villager (Male) |
| 2:46 | Crear | Villager (Male) |
| 2:50 | Construir | House |
| 2:54 | Construir | Lumber Camp |
| 3:16 | Crear | Villager (Male) |
| 3:16 | Crear | Villager (Male) |
| 3:16 | Crear | Villager (Male) |
| 3:59 | Crear | Villager (Male) |
| 4:20 | Crear | Villager (Male) |
| 4:35 | Construir | Mill |
| 5:00 | Crear | Villager (Male) |
| 5:00 | Crear | Villager (Male) |
| 5:07 | Crear | Villager (Male) |
| 5:44 | Crear | Villager (Male) |
| 6:04 | Crear | Villager (Male) |
| 6:19 | Construir | House |
| 6:36 | Crear | Villager (Male) |
| 6:45 | Construir | Mining Camp |
| 6:57 | Crear | Villager (Male) |
| 7:02 | Construir | House |
| 7:08 | Construir | House |
| 7:26 | Crear | Villager (Male) |
| 7:38 | Construir | House |
| 7:56 | Construir | House |
| 8:07 | Construir | Barracks |
| 8:11 | Crear | Villager (Male) |
| 8:13 | Crear | Villager (Male) |
| 8:14 | Crear | Villager (Male) |
| 8:41 | Construir | Mill |
| 9:34 | Crear | Villager (Male) |
| 10:06 | Construir | Farm |
| 10:33 | Investigar | Feudal Age |
| 10:33 | Investigar | Feudal Age |
| 11:40 | Crear | Villager (Male) |
| 11:40 | Crear | Villager (Male) |
| 12:43 | Edad | Edad Feudal |
| 12:53 | Investigar | Horse Collar |
| 12:55 | Investigar | Double-Bit Axe |
| 13:10 | Investigar | Gold Mining |
| 13:15 | Construir | Farm |
| 13:18 | Crear | Villager (Male) |
| 13:19 | Crear | Villager (Male) |
| 13:19 | Crear | Villager (Male) |
| 13:19 | Crear | Villager (Male) |
| 13:20 | Crear | Villager (Male) |
| 13:40 | Construir | Lumber Camp |
| 13:51 | Construir | Farm |
| 14:02 | Construir | Farm |
| 14:26 | Construir | Farm |
| 14:42 | Construir | Farm |
| 14:43 | Construir | Farm |
| 14:44 | Construir | Farm |
| 14:51 | Construir | Farm |
| 15:09 | Construir | Farm |
| 15:10 | Construir | Farm |
| 15:11 | Construir | Farm |
| 15:12 | Construir | Farm |
| 15:25 | Construir | Farm |
| 15:32 | Construir | Farm |
| 15:44 | Crear | Villager (Male) ×5 |
| 16:02 | Construir | Mining Camp |
| 16:25 | Construir | Market |
| 17:01 | Construir | Blacksmith |
| 17:17 | Investigar | Stone Mining |
| 17:50 | Investigar | Castle Age |
| 17:50 | Investigar | Castle Age |
| 18:03 | Investigar | Scale Mail Armor |
| 20:02 | Crear | Villager (Male) |
| 20:03 | Crear | Villager (Male) |
| 20:05 | Crear | Villager (Male) |
| 20:30 | Edad | Edad de los Castillos |
| 20:35 | Construir | Town Center |
| 20:46 | Construir | Town Center |
| 20:54 | Crear | Villager (Male) |
| 20:55 | Crear | Villager (Male) |
| 20:55 | Crear | Villager (Male) |
| 22:10 | Construir | House |
| 22:11 | Construir | House |
| 22:12 | Construir | House |
| 22:15 | Construir | House |
| 22:17 | Construir | House |
| 22:18 | Construir | House |
| 22:20 | Construir | House |
| 22:21 | Construir | House |
| 22:25 | Crear | Villager (Male) ×5 |
| 22:29 | Crear | Villager (Male) ×5 |
| 22:39 | Investigar | Gold Shaft Mining |
| 23:39 | Crear | Villager (Male) ×5 |
| 24:15 | Construir | Castle |
| 24:50 | Crear | Villager (Male) ×5 |
| 24:52 | Crear | Villager (Male) ×5 |
| 24:54 | Crear | Villager (Male) ×5 |
| 25:54 | Crear | Berserk |
| 26:02 | Crear | Berserk |
| 26:02 | Crear | Berserk |
| 26:33 | Crear | Berserk ×5 |
| 27:02 | Construir | House |
| 27:03 | Construir | House |
| 27:05 | Construir | House |
| 27:07 | Construir | House |
| 27:08 | Construir | House |
| 27:10 | Construir | House |
| 27:15 | Investigar | Chain Mail Armor |
| 28:12 | Crear | Berserk ×5 |
| 28:13 | Crear | Berserk ×5 |
| 28:18 | Crear | Villager (Male) ×5 |
| 28:21 | Crear | Villager (Male) ×3 |
| 28:30 | Crear | Villager (Male) |
| 28:30 | Crear | Villager (Male) |
| 29:37 | Crear | Villager (Male) |
| 29:37 | Crear | Villager (Male) |
| 29:37 | Crear | Villager (Male) |
| 29:40 | Crear | Villager (Male) |
| 29:40 | Crear | Villager (Male) |
| 29:41 | Crear | Villager (Male) |
| 29:43 | Crear | Villager (Male) |
| 29:43 | Crear | Villager (Male) |
| 29:55 | Construir | Farm |
| 29:55 | Construir | Farm |
| 29:56 | Construir | Farm |
| 29:56 | Construir | Farm |
| 29:56 | Construir | Farm |
| 29:56 | Construir | Farm |
| 29:58 | Construir | Farm |
| 30:14 | Construir | Farm |
| 30:14 | Construir | Farm |
| 30:14 | Construir | Farm |
| 30:24 | Construir | Siege Workshop |
| 30:29 | Construir | Siege Workshop |
| 30:38 | Construir | Barracks |
| 30:40 | Construir | Barracks |
| 30:46 | Crear | Battering Ram |
| 30:46 | Crear | Battering Ram |
| 30:51 | Crear | Berserk |
| 30:51 | Crear | Berserk ×5 |
| 30:51 | Crear | Berserk ×5 |
| 30:51 | Crear | Berserk |
| 31:00 | Construir | Farm |
| 31:09 | Crear | Villager (Male) |
| 31:12 | Crear | Villager (Male) |
| 31:15 | Crear | Villager (Male) |
| 31:18 | Crear | Villager (Male) |
| 31:21 | Crear | Villager (Male) |
| 31:33 | Crear | Villager (Male) |
Cronología de la partida
| 6:26 | MatteMaxiBoi · first_building Barracks |
| 8:07 | MERT AVC · first_building Barracks |
| 9:56 | cooldaban · first_building Barracks |
| 10:04 | TireTinTin · age_up feudal |
| 10:40 | richbart12 · first_building Barracks |
| 10:42 | cooldaban · age_up feudal |
| 10:59 | cooldaban · first_building Stable |
| 11:41 | ChenEn · age_up feudal |
| 12:03 | richbart12 · age_up feudal |
| 12:43 | MERT AVC · age_up feudal |
| 12:52 | ChenEn · first_market_sell 100 stone |
| 12:53 | mcdrumer131 · age_up feudal |
| 12:57 | Kadir · age_up feudal |
| 13:22 | MatteMaxiBoi · age_up feudal |
| 15:29 | cooldaban · age_up castle |
| 15:46 | richbart12 · age_up castle |
| 15:59 | richbart12 · first_market_buy 100 stone |
| 16:14 | ChenEn · age_up castle |
| 16:18 | richbart12 · first_building Castle |
| 16:23 | MatteMaxiBoi · wall_segment Palisade Wall x1 |
| 16:27 | ChenEn · first_building Monastery |
| 16:31 | Kadir · age_up castle |
| 16:38 | ChenEn · first_building Castle |
| 16:41 | MatteMaxiBoi · first_building Archery Range |
| 16:48 | mcdrumer131 · age_up castle |
| 16:51 | TireTinTin · first_building Stable |
| 17:17 | cooldaban · first_building Monastery |
| 17:27 | ChenEn · first_building Siege Workshop |
| 18:01 | TireTinTin · age_up castle |
| 18:06 | mcdrumer131 · first_building Barracks |
| 18:24 | ChenEn · wall_segment Stone Wall x10 |
| 18:34 | MatteMaxiBoi · age_up castle |
| 18:37 | MatteMaxiBoi · first_building Siege Workshop |
| 18:40 | mcdrumer131 · first_building Siege Workshop |
| 19:02 | TireTinTin · first_building Monastery |
| 20:09 | MatteMaxiBoi · first_market_sell 100 food |
| 20:30 | MERT AVC · age_up castle |
| 20:33 | richbart12 · first_building Siege Workshop |
| 20:44 | mcdrumer131 · first_building Castle |
| 21:51 | MatteMaxiBoi · first_market_buy 100 wood |
| 22:12 | ChenEn · first_building Barracks |
| 22:18 | Kadir · first_building Castle |
| 23:26 | mcdrumer131 · first_building Archery Range |
| 23:49 | MatteMaxiBoi · age_up imperial |
| 24:01 | ChenEn · first_building Archery Range |
| 24:15 | MERT AVC · first_building Castle |
| 25:02 | TireTinTin · first_building Castle |
| 25:21 | cooldaban · first_market_buy 100 food |
| 25:36 | cooldaban · first_building Siege Workshop |
| 26:26 | TireTinTin · wall_segment Stone Wall x8 |
| 28:08 | cooldaban · first_building Castle |
| 28:14 | mcdrumer131 · wall_segment Stone Wall x15 |
| 28:41 | mcdrumer131 · first_market_sell 100 food |
| 29:33 | cooldaban · age_up imperial |
| 30:00 | Kadir · wall_segment Palisade Wall x1 |
| 30:04 | TireTinTin · age_up imperial |
| 30:24 | MERT AVC · first_building Siege Workshop |
| 31:06 | Kadir · first_building Monastery |
| 31:25 | Kadir · age_up imperial |
| 32:05 | mcdrumer131 · age_up imperial |
| 32:29 | richbart12 · first_building Monastery |
| 32:55 | richbart12 · first_market_sell 500 food |
| 33:33 | mcdrumer131 · wall_segment Stone Wall x2 |
| 35:14 | mcdrumer131 · first_building Stable |
| 36:49 | TireTinTin · first_building Barracks |
| 37:25 | MatteMaxiBoi · resign |
| 37:26 | richbart12 · age_up imperial |
| 37:47 | mcdrumer131 · wall_segment Stone Wall x7 |
| 39:21 | ChenEn · first_market_buy 100 food |
| 39:46 | TireTinTin · tribute_sent a jugador 1 |
| 39:46 | TireTinTin · tribute_sent a jugador 3 |
| 39:46 | TireTinTin · tribute_sent a jugador 4 |
| 39:46 | TireTinTin · tribute_sent a jugador 5 |
| 39:46 | TireTinTin · tribute_sent a jugador 6 |
| 39:46 | TireTinTin · tribute_sent a jugador 7 |
| 39:46 | TireTinTin · tribute_sent a jugador 8 |
| 39:53 | Kadir · first_building Barracks |
| 40:38 | Kadir · first_building Stable |
| 41:19 | mcdrumer131 · wall_segment Stone Wall x3 |
| 41:59 | MERT AVC · age_up imperial |
| 43:03 | ChenEn · age_up imperial |
| 47:57 | MERT AVC · first_building Monastery |
| 48:05 | mcdrumer131 · wall_segment Stone Wall x7 |
[ ANÁLISIS IA · 1 CRÉDITO ]
¿Qué pasó realmente en esta partida?
Wolo.gg analiza cada decisión: build order, eco, micro, errores típicos por bracket. Análisis personalizado por WhatsApp o Discord en 30 segundos.
Guía civ
Britanos
Guía mapa
Arena
Perfil
Jugador #5961340